 Dungeon Crawl Stone Soup version 0.25-a0-597-gb30770a0c0 (webtiles) character file.

Game seed: 8590105441842427102, levelgen mode: deterministic

22 Conn the Magician (level 2, 0/17 HPs)
             Began as an Octopode Wizard on Mar 15, 2020.
             Slain by a kobold
             ... wielding a +0 whip
              (5 damage)
             ... on level 1 of the Dungeon.
             The game lasted 00:02:30 (1097 turns).

Conn the Magician (Octopode Wizard)                 Turns: 1097, Time: 00:02:31

Health: 0/17       AC:  1    Str:  6    XL:     2   Next: 91%
Magic:  6/6        EV: 13    Int: 20    God:
Gold:   14         SH:  0    Dex: 10    Spells: 7/8 levels left

rFire    . . .     SeeInvis .   h - +0 short sword
rCold    . . .     Gourm    .   (no shield)
rNeg     . . .     Faith    .   a - +0 hat
rPois    .         Spirit   .   (no amulet)
rElec    .         Reflect  .   (no ring)
rCorr    .         Harm     .   (no ring)
MR       .....                  (no ring)
Stlth    +++.......             (no ring)
HPRegen  0.05/turn              (no ring)
MPRegen  0.10/turn              (no ring)
                                (no ring)
                                (no ring)

@: no status effects
A: almost no armour, stealthy swim, amphibious, 8 rings, constrict 8, camouflage
1, gelatinous body 1
a: no special abilities


You were on level 1 of the Dungeon.
You were not hungry.

You visited 1 branch of the dungeon, and saw 1 of its levels.

You collected 14 gold pieces.

Inventory:

Hand Weapons
 h - a +0 short sword (weapon)
Missiles
 d - 44 stones (quivered)
Armour
 a - a +0 hat (worn)
Scrolls
 b - a scroll of remove curse {unknown}
 e - a scroll of identify {unknown}
Potions
 f - a potion of curing {unknown}
 i - a potion of magic {unknown}
Comestibles
 c - 2 rations
 g - 2 chunks of flesh


   Skills:
 + Level 2.1 Dodging
 + Level 2.9 Stealth
 + Level 3.5 Spellcasting
 * Level 1.4 Conjurations
   Level 1.0 Summonings
   Level 1.0 Translocations


You had 7 spell levels left.
You knew the following spells:

 Your Spells              Type           Power        Failure   Level  Hunger
a - Magic Dart            Conj           #...         8%          1    None

Your spell library contained the following spells:

 Spells                   Type           Power        Failure   Level  Hunger
 Blink                    Tloc           N/A          14%         2    ##.....
 Call Imp                 Summ           #.......     14%         2    ##.....
 Slow                     Hex            #.......     21%         2    ##.....
 Conjure Flame            Conj/Fire      #.......     30%         3    ###....
 Mephitic Cloud           Conj/Pois/Air  #.......     32%         3    ###....


Dungeon Overview and Level Annotations

Branches:
Dungeon (1/15)

Altars:


Innate Abilities, Weirdness & Mutations

You cannot wear most types of armour.
You are very stealthy in the water. (Stealth+)
You are amphibious.
You can wear up to eight rings at the same time.
You can use your tentacles to constrict eight enemies at once.
Your skin changes colour to match your surroundings (Stealth+).
Your rubbery body absorbs attacks. (AC +1, EV +1)


Message History

You see here a kobold corpse.
A kobold comes into view. It is wielding a +0 whip.
You see here 14 stones.
d - 44 stones (gained 14)
The kobold closely misses you. The kobold misses you.
You hit the kobold but do no damage. Your grab misses the kobold.
The kobold hits you with a +0 whip. The kobold closely misses you.
You hit the kobold. Your grab misses the kobold.
The kobold is moderately wounded.
The kobold hits you with a +0 whip.
You barely miss the kobold. Your grab misses the kobold.
The kobold is moderately wounded.
The kobold hits you with a +0 whip.
* * * LOW HITPOINT WARNING * * *
You hit the kobold but do no damage. You grab the kobold.
The kobold is moderately wounded.
You constrict the kobold, but do no damage.
The kobold hits you with a +0 whip.
You die...

#†....# #.......#
#.....# #.#######
#.....# #÷## #.....#
#..###### +.....#
#........
###.....####.#######
#.....####...#
#.....# #...#
#..@K.# #...#
#.....# #...#######
#.....# #...#.....#
#...### #...#.....#
##### #...#.....#
####'#.....#
#..........#
#..........#
#..........#


You could see a kobold.

Vanquished Creatures
  A dart slug (D:1)
  2 giant cockroaches (D:1)
  3 hobgoblins (D:1)
  7 bats (D:1)
  2 frilled lizards (D:1)
  3 kobolds (D:1)
  2 rats (D:1)
20 creatures vanquished.

Notes
Turn   | Place    | Note
-------+----------+-------------------------------------------
     0 | D:1      | Conn the Octopode Wizard began the quest for the Orb.
     0 | D:1      | Reached XP level 1. HP: 11/11 MP: 4/4
   427 | D:1      | Reached XP level 2. HP: 8/17 MP: 6/6
  1097 | D:1      | Slain by a kobold

Levels and vault maps discovered:
D:1:      elethiomel_arrival_quiet, layout_basic

Action                   || total
-------------------------++-------
Melee: Unarmed           ||    21
       Constrict         ||     7
       Tentacles         ||     2
       Short sword       ||     7
 Cast: Magic Dart        ||    35
 Stab: Sleeping          ||     1
Armor: Skin              ||     8
Dodge: Dodged            ||    43

Table legend:
 A = Non-vault XP
 B = Vault XP
 C = Vault XP percentage of total XP
 D = Non-vault monster count
 E = Vault monster count
 F = Vault count percentage of total count
                 A         B        C        D         E       F
            +---------+---------+-------+---------+---------+-------
      Total |      32 |       0 |   0.0 |      20 |       0 |   0.0
            +---------+---------+-------+---------+---------+-------
        D:1 |      32 |       0 |   0.0 |      20 |       0 |   0.0
            +---------+---------+-------+---------+---------+-------
